 Dungeon Crawl Stone Soup version 0.28.0-47-ge53b351184 (webtiles) character file.

Game seed: 3314990142519489902

12665 NinjaNoafa the Grappler (level 9, -4/92 (93) HPs)
             Began as a Troll Fighter on May 4, 2022.
             Was a High Priest of Ru.
             Slain by a six-headed hydra (13 damage)
             ... on level 12 of the Dungeon.
             The game lasted 00:23:57 (10252 turns).

NinjaNoafa the Grappler (Troll Fighter)            Turns: 10252, Time: 00:23:58

HP:   -4/92 (93)    AC:  7    Str: 28    XL:     9   Next: 65%
MP:   3/8           EV: 13    Int:  4    God:    Ru [*****.]
Gold: 1032          SH: 12    Dex: 19    Spells: 8/8 levels left

rFire   x . .      SeeInvis .     - Unarmed
rCold   + . .      Faith    +   b - +1 kite shield
rNeg    + . .      Spirit   .   d - +2 robe {rN+}
rPois   +          Reflect  .   (helmet restricted)
rElec   +          Harm     .   l - +0 cloak {rPois}
rCorr   +          Rampage  .   (gloves unavailable)
Will    +....                   (boots unavailable)
Stlth   ++........              y - amulet of faith
HPRegen 1.05/turn               x - +6 ring of dexterity
MPRegen 0.11/turn               a - ring "Emoipt" {Ice Will+ rCorr Str+2}

@: brilliant, exhausted, resistant, lightly drained
A: large, unfitting armour, claws 3, regeneration 1, shaggy fur 1, tough skin 1,
no air magic, no translocations magic, no transmutations magic, inexperienced 1,
temperature sensitive, horns 2
a: Renounce Religion, Draw Out Power, Power Leap, Apocalypse


You were on level 12 of the Dungeon.
You worshipped Ru.
Ru was extremely pleased with you.
You visited 2 branches of the dungeon, and saw 13 of its levels.
You also visited: Sewer.

You collected 2242 gold pieces.
You spent 1210 gold pieces at shops.

Inventory:

Missiles
 h - a silver boomerang
 j - a throwing net
 p - 13 boomerangs
 v - 16 poisoned darts (quivered)
Armour
 b - a +1 kite shield (worn)
 d - a +2 robe of positive energy (worn)
 l - a +0 cloak of poison resistance (worn)
Jewellery
 a - the ring "Emoipt" (right claw) {Ice Will+ rCorr Str+2}
   (You found it on level 12 of the Dungeon)

   [ring of ice]

   It enhances your ice magic.
   Str:       It affects your strength (+2).
   rF:        It makes you vulnerable to fire.
   rC:        It protects you from cold.
   rCorr:     It protects you from acid and corrosion.
   Will:      It increases your willpower.
 e - a ring of positive energy
 t - a +4 ring of evasion
 x - a +6 ring of dexterity (left claw)
 y - an amulet of faith (around neck)
Wands
 c - a wand of mindburst (4)
 k - a wand of charming (2)
 u - a wand of acid (2)
 w - a wand of flame (11)
 B - a wand of paralysis (5)
Scrolls
 f - 3 scrolls of fog
 m - 3 scrolls of fear
 n - a scroll of silence
 o - 3 scrolls of immolation
 q - 2 scrolls of magic mapping
 C - a scroll of vulnerability
 D - a scroll of brand weapon
Potions
 g - 3 potions of flight
 i - 3 potions of curing
 s - a potion of mutation
 z - a potion of magic


   Skills:
 + Level 7.4 Fighting
 + Level 7.3 Dodging
 + Level 7.3 Shields
 * Level 11.8 Unarmed Combat
 - Level 3.0 Evocations


You had 8 spell levels left.
You didn't know any spells.
Your spell library contained the following spells:

 Spells                   Type           Power      Damage    Failure   Level
 Searing Ray              Conj           0%         2d4       87%         2
 Dazzling Flash           Conj/Hex       0%         N/A       98%         3
 Fulminant Prism          Conj/Hex       0%         3d6       100%        4
 Fireball                 Conj/Fire      0%         3d3       100%        5
 Lee's Rapid Deconstruct  Erth           0%         3d5*      100%        5
 Starburst                Conj/Fire      0%         6d3       100%        6
 Ignition                 Fire           0%         3d3       100%        8
 Shock                    Conj/Air       Unusable   1d3       N/A         1
 Corpse Rot               Necr/Air       Unusable   N/A       N/A         2
 Poisonous Vapours        Pois/Air       Unusable   N/A       N/A         2
 Swiftness                Air            Unusable   N/A       N/A         3
 Airstrike                Air            Unusable   N/A       N/A         4
 Iskenderun's Mystic Bla  Conj/Tloc      Unusable   2d3       N/A         4
 Lightning Bolt           Conj/Air       Unusable   1d11      N/A         5

Dungeon Overview and Level Annotations

Branches:
Dungeon (12/15)            Temple (1/1) D:5            Lair (0/6) D:10
    Orc (0/2) D:11          Sewer (visited)

Altars:
Ashenzari
Cheibriados
Dithmenos
Elyvilon
Fedhas
Gozag
Hepliaklqana
Kikubaaqudgha
Makhleb
Nemelex Xobeh
Okawaru
Qazlal
Ru
Sif Muna
Trog
Uskayaw
Vehumet
Wu Jian
Xom
Yredelemnul
Zin
The Shining One

Shops:
D:10 =!(=


Innate Abilities, Weirdness & Mutations

You are too large for most types of armour.
You have claws for hands.
Your natural rate of healing is unusually fast.
You are covered in fur. (AC +1)
You have tough skin. (AC +1)
You cannot study or cast Air magic.
You cannot study or cast Translocations magic.
You cannot study or cast Transmutations magic.
You are somewhat inexperienced. (-2 XL)
You are sensitive to extremes of temperature. (rF-, rC-)
You have a pair of horns on your head.


Message History

You block the fire elemental's attack. The six-headed hydra bites you!
You block the six-headed hydra's attack.
The six-headed hydra bites you! The six-headed hydra misses you.
You block the six-headed hydra's attack.
The six-headed hydra bites you!
The deep elf pyromancer begins to cast a spell, but is stunned by your conviction!
You're wearing all the rings you can.
Remove which one? (? for menu, Esc to cancel) < or
x - a +6 ring of dexterity; > or
t - a +4 ring of evasion You remove your +4 ring of evasion.
You block the fire elemental's attack.
You feel more attuned to ice.
You feel stronger.
a - the ring "Emoipt" (right claw) {Ice Will+ rCorr Str+2} The six-headed hydra bites you.
The six-headed hydra barely misses you. The six-headed hydra bites you.
The six-headed hydra bites you but does no damage.
The six-headed hydra bites you!
You block the six-headed hydra's attack.
You redirect the howler monkey's attack!
The deep elf pyromancer mumbles some strange words.
A vampire mosquito comes into view.
You block the six-headed hydra's attack.
The six-headed hydra bites you. x2
You focus your inner power and illuminate the six-headed hydra in retribution!
You block the six-headed hydra's attack.
The six-headed hydra misses you.
You block the six-headed hydra's attack.
The fire elemental hits you. The fire elemental burns you!
The fire burns you terribly!
Okay, then.
You feel protected. You block the howler monkey's attack.
The fire elemental closely misses you. The six-headed hydra bites you!
* * * LOW HITPOINT WARNING * * *
The six-headed hydra closely misses you.
The six-headed hydra bites you!
* * * LOW HITPOINT WARNING * * *
You block the six-headed hydra's attack. x2
The six-headed hydra bites you!
You die...

#.. . #####W# .#.h#
#.##### ##e###
.....####....####....#
h...##......##......
.......#...§§..#... .
#h.°.####§§§.####. .y.
##EE○e####§§§.####. ##
.....#hED○°..#§§§§...#..
..
#.....@##....§§##......
..
##....####..O.####....#
..
#.........####..####...
.. #......... .........
.. #......... .........
.. ........... .........
.. ........... .........
.. #.......... ...#####.
.. ....... ... #.


You could see a six-headed hydra (corona), a deep elf pyromancer, 3 fire
elementals, a vampire mosquito and 3 howler monkeys.

Vanquished Creatures
  Erica (D:8)
  A hydra (D:12)
  3 two-headed ogres
  A deep elf pyromancer (D:12)
  2 kobold demonologists (D:12)
  3 trolls
  A shadow (D:9)
  21 yaks
  2 basilisks (D:12)
  A steam dragon (D:8)
  2 water moccasins
  2 orc warriors (D:10)
  Pargi (Sewer)
  A sky beast (D:6)
  An ice beast (D:8)
  A necrophage (D:5)
  2 black bears
  2 ogres (D:5)
  4 centaurs
  2 wolves (D:10)
  3 kobold brigands
  A wyvern zombie (D:5)
  A gnoll sergeant (D:9)
  A scorpion (D:5)
  5 killer bees (D:8)
  An electric eel (D:10)
  5 wights (D:6)
  6 howler monkeys
  A lava snake (D:8)
  5 centaur zombies
  7 hounds
  2 centaur skeletons
  A jelly (D:6)
  A bullfrog skeleton (D:5)
  3 orc priests
  2 iguanas
  6 orc wizards
  Natasha (D:3)
  A killer bee zombie (D:8)
  A howler monkey zombie (D:4)
  14 adders
  4 gnolls
  A shadow imp (D:7)
  2 ufetubi
  2 adder skeletons
  2 worms (D:2)
  2 dart slugs
  23 orcs
  4 endoplasms
  A giant cockroach (D:3)
  12 goblins
  8 hobgoblins
  3 jackals (D:2)
  4 quokkas
  6 ball pythons
  4 bats
  8 frilled lizards
  28 kobolds
  6 rats
  A spectral kobold (D:8)
243 creatures vanquished.

Vanquished Creatures (collateral kills)
  Menkaure (D:6)
  2 hounds (D:10)
  An orc priest (D:10)
  Crazy Yiuf (D:7)
  2 orcs
7 creatures vanquished.

Vanquished Creatures (others)
  An orc warrior (D:7)
  A hound (D:10)
  An orc wizard (D:5)
  An orc (D:10)
4 creatures vanquished.

Grand Total: 254 creatures vanquished

Notes
Turn   | Place    | Note
-------+----------+-------------------------------------------
     0 | D:1      | NinjaNoafa the Troll Fighter began the quest for the Orb.
     0 | D:1      | Reached XP level 1. HP: 22/22 MP: 0/0
    93 | D:1      | Reached XP level 2. HP: 24/29 MP: 1/1
   452 | D:1      | Found a faded altar of an unknown god.
   827 | D:2      | Reached XP level 3. HP: 36/36 MP: 2/2
  1163 | D:2      | Reached skill level 3 in Unarmed Combat
  1437 | D:3      | Reached XP level 4. HP: 44/44 MP: 3/3
  1982 | D:3      | Noticed Natasha
  1986 | D:3      | Killed Natasha
  1987 | D:3      | Reached XP level 5. HP: 45/53 MP: 4/4
  2258 | D:4      | Found a glowing drain.
  2289 | Sewer    | Entered a sewer
  2348 | Sewer    | Noticed Pargi
  2366 | Sewer    | Killed Pargi
  2367 | Sewer    | Reached skill level 4 in Unarmed Combat
  2367 | Sewer    | Reached XP level 6. HP: 33/61 MP: 5/5
  2763 | D:4      | Got Zeiwke's Disquisition on Conjuration
  3293 | D:5      | Entered Level 5 of the Dungeon
  3312 | D:5      | Reached skill level 5 in Unarmed Combat
  3312 | D:5      | Reached XP level 7. HP: 67/68 MP: 6/6
  3518 | D:5      | Reached skill level 1 in Evocations
  3713 | D:5      | Found a staircase to the Ecumenical Temple.
  3754 | Temple   | Entered the Ecumenical Temple
  3864 | Temple   | Became a worshipper of Ru the Awakened
  4164 | D:6      | Reached XP level 8. HP: 78/78 MP: 7/7
  4210 | D:6      | Noticed Menkaure
  4214 | D:6      | Identified a scroll of acquirement
  4214 | D:6      | Acquired 1084 gold pieces
  4217 | D:6      | Killed Menkaure
  4218 | D:6      | Reached skill level 6 in Unarmed Combat
  4356 | D:6      | Noticed a two-headed ogre
  4365 | D:6      | Killed a two-headed ogre
  4366 | D:6      | Reached skill level 7 in Unarmed Combat
  4366 | D:6      | Reached XP level 9. HP: 40/85 MP: 8/8
  4489 | D:6      | Found an opulent altar of Gozag.
  4504 | D:6      | Found an opulent altar of Gozag.
  4517 | D:6      | Found an opulent altar of Gozag.
  4528 | D:6      | Reached skill level 5 in Fighting
  4627 | D:6      | Found an opulent altar of Gozag.
  4644 | D:6      | Reached skill level 5 in Shields
  4648 | D:6      | Reached skill level 5 in Dodging
  5072 | D:7      | Reached skill level 8 in Unarmed Combat
  5089 | D:7      | Gained mutation: You have a pair of small horns on your
                  | head. [potion of mutation]
  5089 | D:7      | Gained mutation: You have a pair of horns on your head.
                  | [potion of mutation]
  5188 | D:7      | Found a shadowy altar of Dithmenos.
  5200 | D:7      | Gained mutation: You are somewhat inexperienced. (-2 XL)
                  | [Ru sacrifice]
  5200 | D:7      | Reached XP level 8. HP: 80/80 MP: 7/7
  5200 | D:7      | Reached XP level 7. HP: 72/72 MP: 6/6
  5200 | D:7      | Reached * piety under Ru
  5200 | D:7      | Reached ** piety under Ru
  5271 | D:7      | Found a burning altar of Makhleb.
  5325 | D:7      | Found a runed translucent door.
  5328 | D:7      | Noticed Crazy Yiuf
  5440 | D:7      | Identified the +4 ring mail of the Gloaming {rF++}
  5709 | D:7      | Killed Crazy Yiuf
  6071 | D:8      | Acquired 487 gold pieces
  6123 | D:8      | Noticed Erica
  6141 | D:8      | Killed Erica
  6142 | D:8      | Reached skill level 9 in Unarmed Combat
  6142 | D:8      | Reached XP level 8. HP: 23/83 MP: 7/7
  6273 | D:8      | Found a hazy altar of Hepliaklqana.
  6539 | D:8      | Noticed a two-headed ogre
  6554 | D:8      | Killed a two-headed ogre
  7646 | D:9      | Found a bloodstained altar of Trog.
  7649 | D:9      | Found an iron altar of Okawaru.
  7650 | D:9      | Found a white marble altar of Elyvilon.
  7682 | D:9      | Reached skill level 10 in Unarmed Combat
  7697 | D:9      | Gained mutation: You are sensitive to extremes of
                  | temperature. (rF-, rC-) [Ru sacrifice]
  7697 | D:9      | Reached *** piety under Ru
  7697 | D:9      | Reached **** piety under Ru
  7707 | D:9      | Found an ancient bone altar of Kikubaaqudgha.
  7845 | D:10     | Entered Level 10 of the Dungeon
  8149 | D:10     | Found a staircase to the Lair.
  8244 | D:10     | Found Orghoqeh's Jewellery Shoppe.
  8253 | D:10     | Bought an amulet of reflection for 450 gold pieces
  8332 | D:10     | Found Yshyceog's Jewellery Emporium.
  8340 | D:10     | Bought a +6 ring of dexterity for 760 gold pieces
  8353 | D:10     | Noticed a two-headed ogre
  8363 | D:10     | Killed a two-headed ogre
  8364 | D:10     | Reached XP level 9. HP: 77/92 MP: 8/8
  8391 | D:10     | Found Hypot's Antique Weapon Shop.
  8427 | D:10     | Found Kott's Distillery.
  8461 | D:10     | Reached skill level 11 in Unarmed Combat
  9127 | D:11     | Found a staircase to the Orcish Mines.
 10074 | D:12     | Noticed a deep elf pyromancer
 10080 | D:12     | Killed a deep elf pyromancer
 10186 | D:12     | Gained mutation: You cannot study or cast Air magic. [Ru
                  | sacrifice]
 10186 | D:12     | Gained mutation: You cannot study or cast Transmutations
                  | magic. [Ru sacrifice]
 10186 | D:12     | Gained mutation: You cannot study or cast Translocations
                  | magic. [Ru sacrifice]
 10186 | D:12     | Reached ***** piety under Ru
 10212 | D:12     | Noticed a five-headed hydra
 10218 | D:12     | Noticed a five-headed hydra
 10220 | D:12     | Killed a six-headed hydra
 10220 | D:12     | Noticed a deep elf pyromancer
 10223 | D:12     | Noticed a deep elf pyromancer
 10225 | D:12     | Noticed a two-headed ogre
 10247 | D:12     | Identified the ring "Emoipt" {Ice Will+ rCorr Str+2}
 10252 | D:12     | Slain by a six-headed hydra

Illustrated notes

Levels and vault maps discovered:
D:1:      lordsloth_arrival_two_stooges, layout_basic,
          shapermc_ecumenical_altar_mp_vishouse
D:2:      layout_basic
D:3:      layout_loops_ring, minmay_fractal_squares_diagonal_5, uniq_natasha
D:4:      layout_loops_ring, gup_sewer_entry_glass, minmay_goblin_kobold_house
D:5:      wander_river, layout_loops_ring, minmay_temple_entry_sparse_star
D:6:      layout_cave_pools, nicolae_gozag_conspicuous_consumption,
          grunt_decor_arrowhead, uniq_menkaure
D:7:      layout_basic, mainiacjoe_overflow_alcove_1,
          mainiacjoe_overflow_alcove_2, minmay_tree_intersection,
          hangedman_decor_points, uniq_duvessa, uniq_crazy_yiuf_cottage
D:8:      black_bear_nest_1, layout_basic,
          nicolae_hepliaklqana_monster_ancestors, kennysheep_cluttered_room,
          uniq_erica
D:9:      layout_basic, minitemple, patterned_corridor
D:10:     layout_stronghold, erik_lair_island, serial_shops, shop, shop,
          shop_fountains, nicolae_shop_statue_plus
D:11:     layout_basic, orc_0_dummy
D:12:     wad_guarded_room, layout_small_grid
Temple:   nicolae_temple_great_sept

Skill      XL: |  1  2  3  4  5  6  7  8  9 |
---------------+----------------------------+-----
Unarmed Combat | 3 4 5 9 10 11 | 11.8
Fighting       | 3 6 7 |  7.4
Dodging        | 3 6 7 |  7.3
Shields        | 3 6 7 |  7.3
Evocations     | 3 |  3.0

Action                   |  1- 3 |  4- 6 |  7- 9 || total
-------------------------+-------+-------+-------++-------
Melee: Unarmed           |    69 |   131 |   423 ||   623
       Headbutt          |       |       |    59 ||    59
Throw: Boomerang         |    53 |       |    40 ||    93
       Dart              |       |       |    27 ||    27
Invok: Sacrifice Experie |       |       |     1 ||     1
       Power Leap        |       |       |     8 ||     8
       Sacrifice Resista |       |       |     1 ||     1
       Apocalypse        |       |       |     1 ||     1
       Sacrifice Arcana  |       |       |     1 ||     1
Evoke: Wand              |       |     1 |    27 ||    28
  Use: Potion            |       |     3 |     7 ||    10
       Scroll            |       |       |    24 ||    24
 Stab: Sleeping          |       |     1 |     1 ||     2
       Distracted        |       |       |     1 ||     1
       Paralysed         |       |       |     1 ||     1
Armor: Robe              |    23 |    37 |   101 ||   161
       Skin              |       |     2 |       ||     2
Dodge: Dodged            |    37 |    51 |   247 ||   335
Block: Kite shield       |    44 |    46 |   271 ||   361
